 Dungeon Crawl Stone Soup version 0.29-a0-82-g837932c90e (webtiles) character file.

Game seed: 17647551601724116448

628 HallandMoats the Ducker (level 7, -6/60 HPs)
             Began as a Ghoul Monk on Feb 5, 2022.
             Was an Elder of Wu Jian.
             Mangled by an orc warrior (15 damage)
             ... on level 4 of the Dungeon.
             The game lasted 00:05:59 (4784 turns).

HallandMoats the Ducker (Ghoul Monk)                Turns: 4784, Time: 00:06:00

Health: -6/60      AC: 10    Str: 17    XL:     7   Next: 48%
Magic:  6/6        EV: 11    Int:  5    God:    Wu Jian [****..]
Gold:   109        SH:  0    Dex: 11    Spells: 6/6 levels left

rFire   . . .      SeeInvis .     - Unarmed
rCold   + . .      Faith    .   (no shield)
rNeg    + + +      Spirit   .   l - +0 scale mail
rPois   ∞          Reflect  .   (no helmet)
rElec   .          Harm     .   k - +2 cloak
rCorr   .          Rampage  .   (no gloves)
Will    .....                   (no boots)
Stlth   ..........              (no amulet)
HPRegen 0.00/turn               (no ring)
MPRegen 0.10/turn               (no ring)

@: inhibited regen
A: claws 1, cold resistance 1, negative energy resistance 3, inhibited
regeneration, torment resistance 2
a: Renounce Religion, Wall Jump, Serpent's Lash


You were on level 4 of the Dungeon.
You worshipped Wu Jian.
Wu Jian was greatly pleased with you.
You visited 1 branch of the dungeon, and saw 4 of its levels.

You collected 109 gold pieces.

Inventory:

Armour
 k - a +2 cloak (worn)
 l - a +0 scale mail (worn)
Wands
 o - a wand of digging (7)
Scrolls
 b - a scroll of teleportation
 e - 4 scrolls of identify
 h - a scroll of fog
 m - a scroll of enchant armour
 p - a scroll of enchant weapon {unknown}
Potions
 a - 2 potions of haste {unknown}
 c - 5 potions of flight {unknown}
 d - a potion of cancellation {unknown}
 f - a potion of magic {unknown}
 g - a potion of brilliance {unknown}
 i - a potion of might {unknown}
 j - 3 potions of curing {unknown}
 n - a potion of attraction {unknown}


   Skills:
 + Level 4.7 Fighting
 * Level 4.0 Armour
 * Level 4.9 Dodging
 - Level 2.1 Stealth
 + Level 4.7 Unarmed Combat


You had 6 spell levels left.
You didn't know any spells.
Your spell library contained the following spells:

 Spells                   Type           Power      Damage    Failure   Level
 Magic Dart               Conj           0%         1d3       86%         1
 Shock                    Conj/Air       0%         1d3       86%         1
 Searing Ray              Conj           0%         2d4       95%         2
 Swiftness                Air            0%         N/A       99%         3
 Airstrike                Air            0%         N/A       100%        4
 Fulminant Prism          Conj/Hex       0%         3d6       100%        4


Dungeon Overview and Level Annotations

Branches:
Dungeon (4/15)
 Temple: D:4-7

Altars:
Elyvilon
Nemelex Xobeh
Uskayaw
Wu Jian
Xom

Shops:
D:3 :


Innate Abilities, Weirdness & Mutations

You thrive by killing the living.
You are immune to poison.
You have sharp fingernails.
Your flesh is cold resistant. (rC+)
You are immune to negative energy. (rN+++)
You do not regenerate when monsters are visible.
You are immune to unholy pain and torment.


Message History

You see here a scroll of identify.
An orc warrior is nearby!
You drop an amulet of magic regeneration.
The orc warrior closely misses you.
You closely miss the orc warrior. You scratch the orc warrior.
The orc warrior is lightly wounded.
The orc warrior hits you with a +0 war axe.
You scratch the orc warrior.
The orc warrior is moderately wounded.
The orc warrior hits you with a +0 war axe!
You closely miss the orc warrior.
The orc warrior is moderately wounded.
The orc warrior hits you with a +0 war axe!
You barely miss the orc warrior.
The orc warrior is moderately wounded.
The orc warrior barely misses you.
You scratch the orc warrior but do no damage.
The orc warrior is moderately wounded.
The orc warrior hits you with a +0 war axe!
* * * LOW HITPOINT WARNING * * *
You are too injured to fight recklessly!
You are too injured to fight recklessly!
You barely miss the orc warrior.
The orc warrior is moderately wounded.
The orc warrior closely misses you.
You scratch the orc warrior.
The orc warrior is moderately wounded.
The orc warrior hits you but does no damage.
You scratch the orc warrior but do no damage.
The orc warrior is moderately wounded.
The orc warrior hits you with a +0 war axe!
* * * LOW HITPOINT WARNING * * *
You barely miss the orc warrior.
The orc warrior is moderately wounded.
The orc warrior closely misses you.
You scratch the orc warrior.
The orc warrior is heavily wounded.
The orc warrior hits you with a +0 war axe!
You die...

...........## ##
....#.....## ##.##
..####...## ##.#.##
..####..## ##.#.#.##
..##.#.## ##.#.#.#)##
..#...## #.#..##.#.##
(......## #.#..##.#.##
........## ##o#..##.#.##
.......#.##
##@"#.##.#.##
......#.#.##
##(.#.##.#.##
......##.#.##
##..#.##.#.#
.#.....##.#.##
.#.##.#.##
#.......##.#.##
#.##.#.##
.........##.#.## ##.#.##
..##......##.#.##
##.#.##
...##....####.#.###.#.##
....(..#....##.#.#.#.##


You could see an orc warrior.

Vanquished Creatures
  2 ogres
  4 crimson imps (D:3)
  A hound (D:4)
  2 orc priests
  A jelly (D:4)
  Terence (D:2)
  A hound skeleton (D:4)
  5 adders
  3 gnolls (D:3)
  An ufetubus (D:4)
  A worm (D:2)
  A dart slug (D:3)
  7 orcs
  8 endoplasms
  4 giant cockroaches
  6 goblins
  4 hobgoblins
  3 jackals (D:2)
  9 kobolds
  2 quokkas
  6 ball pythons
  8 bats
  7 frilled lizards
  2 rats
89 creatures vanquished.

Notes
Turn   | Place    | Note
-------+----------+-------------------------------------------
     0 | D:1      | HallandMoats the Ghoul Monk began the quest for the Orb.
     0 | D:1      | Reached XP level 1. HP: 19/19 MP: 0/0
   172 | D:1      | Reached XP level 2. HP: 22/26 MP: 1/1
   253 | D:1      | You fall into a shaft and drop 1 floor!
   637 | D:1      | Found a faded altar of an unknown god.
   643 | D:1      | Reached skill level 1 in Armour
   657 | D:1      | Prayed at the altar of an unknown god.
   657 | D:1      | Became a worshipper of the Wu Jian Council
   657 | D:1      | Reached * piety under Wu Jian
   657 | D:1      | Reached ** piety under Wu Jian
   900 | D:1      | Reached XP level 3. HP: 31/31 MP: 2/2
  1185 | D:2      | Reached *** piety under Wu Jian
  1541 | D:2      | Noticed Terence
  1564 | D:2      | Killed Terence
  1565 | D:2      | Reached XP level 4. HP: 8/40 MP: 3/3
  2182 | D:3      | Reached XP level 5. HP: 12/46 MP: 4/4
  2430 | D:3      | Found Pedizoff's Book Shop.
  2653 | D:3      | Noticed an ogre
  2663 | D:3      | Killed an ogre
  2803 | D:3      | Found a shimmering altar of Xom.
  2818 | D:3      | Reached XP level 6. HP: 38/52 MP: 5/5
  3233 | D:3      | Found a hide-covered altar of Uskayaw.
  3779 | D:4      | Noticed an orc warrior
  3868 | D:3      | Reached XP level 7. HP: 30/60 MP: 6/6
  4187 | D:4      | Reached **** piety under Wu Jian
  4580 | D:4      | Found a sparkling altar of Nemelex Xobeh.
  4784 | D:4      | Mangled by an orc warrior

Illustrated notes

Levels and vault maps discovered:
D:1:      scummos_arrival_star, layout_loops_ring,
          shapermc_ecumenical_altar_pompeii
D:2:      layout_basic, uniq_terence
D:3:      layout_basic, led_xom_imps, nicolae_uskayaw_murder_on_the_dancefloor,
          serial_shops, nicolae_shop_advertising_works
          [nicolae_subvault_shop_adworks]
D:4:      minmay_inner_zag, layout_cave_pools, mainiacjoe_overflow_paths,
          mainiacjoe_overflow_alcove_1, kennysheep_doodads

Skill      XL: |  1  2  3  4  5  6  7 |
---------------+----------------------+-----
Dodging        | 3 4 |  4.9
Armour         | 1 2 3 4 |  4.0
Fighting       | 4 |  4.7
Unarmed Combat | 4 |  4.7
Stealth        | |  2.1

Action                   |  1- 3 |  4- 6 |  7- 9 || total
-------------------------+-------+-------+-------++-------
Melee: Unarmed           |   112 |   168 |    71 ||   351
       Punch             |     2 |     7 |     1 ||    10
Invok: Lunge             |     3 |    11 |     5 ||    19
       Whirlwind         |       |     8 |       ||     8
       Serpent's Lash    |       |     1 |       ||     1
  Use: Scroll            |       |     1 |     3 ||     4
 Stab: Sleeping          |     4 |       |       ||     4
Armor: Robe              |    22 |       |       ||    22
       Scale mail        |       |    64 |    35 ||    99
Dodge: Dodged            |    73 |    85 |    47 ||   205

Table legend: (Time is in decaauts)
 A = Elapsed time spent in this place.
 B = Non-inter-level travel time spent in this place.
 C = Inter-level travel time spent in this place.
 D = Time resting spent in this place.
 E = Time spent auto-exploring this place.
 F = Levels seen in this place.
 G = Mean time per level.
                   A        B        C        D        E       F      G
               +--------+--------+--------+--------+--------+-----+--------+
         Total |   4762 |   4672 |     90 |   1020 |   2837 |   4 | 1190.5 |
       Dungeon |   4762 |   4672 |     90 |   1020 |   2837 |   4 | 1190.5 |
               +--------+--------+--------+--------+--------+-----+--------+

Top non-repeatable levels by time:
     D:3: 1924 daAuts
     D:1: 1102 daAuts
     D:2: 1029 daAuts
     D:4: 706 daAuts
